 Dungeon Crawl Stone Soup version 0.21.1-1-g345015f (webtiles) character file.

105 Solrac the Cudgeler (level 4, -4/41 HPs)
             Began as a Minotaur Berserker on Feb 25, 2018.
             Was a Believer of Trog.
             Slain by Sigmund
             ... wielding a +0 scythe
              (8 damage)
             ... on level 2 of the Dungeon on Mar 6, 2018.
             The game lasted 00:13:42 (2341 turns).

Solrac the Cudgeler (Minotaur Berserker)            Turns: 2341, Time: 00:13:43

Health: -4/41      AC:  9    Str: 22    XL:     4   Next: 54%
Magic:  3/3        EV:  9    Int:  4    God:    Trog [**....]
Gold:   96         SH:  0    Dex: 10    Spells: 3/3 levels left

rFire    . . .     SeeInvis .   a - +0 mace
rCold    . . .     Gourm    .   (no shield)
rNeg     . . .     Faith    .   g - +0 chain mail
rPois    .         Spirit   .   (helmet restricted)
rElec    .         Reflect  .   (no cloak)
rCorr    .         Harm     .   j - +0 pair of gloves
MR       .....                  (no boots)
Stlth    ..........             (no amulet)
HPRegen  0.13/turn              (no ring)
MPRegen  0.08/turn              (no ring)

@: berserk cooldown
A: retaliatory headbutt, horns 2
a: Berserk, Trog's Hand, Burn Spellbooks, Renounce Religion


You were on level 2 of the Dungeon.
You worshipped Trog.
Trog was pleased with you.
You were near starving.

You visited 1 branch of the dungeon, and saw 2 of its levels.

You collected 96 gold pieces.

Inventory:

Hand Weapons
 a - a +0 mace (weapon)
Missiles
 d - a throwing net
 e - 82 stones (quivered)
Armour
 b - a +0 animal skin
 g - a +0 chain mail (worn)
 j - a +0 pair of gloves (worn)
Wands
 k - a wand of polymorph (10)
Scrolls
 f - a scroll of enchant armour {unknown}
 h - 2 scrolls of teleportation {unknown}
 i - a scroll of random uselessness {unknown}
 m - a scroll of enchant weapon {unknown}
Potions
 l - a potion of might {unknown}
 n - a potion of curing
Comestibles
 c - 5 rations


   Skills:
 + Level 4.4 Fighting
 * Level 5.3 Maces & Flails
 - Level 2.4 Armour
 + Level 3.2 Dodging


You had 3 spell levels left.
You didn't know any spells.

Dungeon Overview and Level Annotations

Branches:
Dungeon (2/15)

Altars:
Gozag

Annotations:
D:2 Sigmund


Innate Abilities, Weirdness & Mutations

You reflexively headbutt those who attack you in melee.
You have a pair of horns on your head.


Message History

Sigmund is moderately wounded.
Sigmund casts a spell.
Sigmund flickers and vanishes!
Deactivating autopickup; reactivate with Ctrl-A.
Something hits you but does no damage.
You barely miss something. Something hits you.
You closely miss something. Your headbutt misses something. Something hits you.
You miss something. You headbutt something.
Your skin stops crawling.
You feel less resistant to hostile enchantments.
Something hits you.
You closely miss something.
You feel yourself speed up. Something hits you but does no damage.
Something hits you!
* * * LOW HITPOINT WARNING * * *
You hit something but do no damage. Your headbutt misses something.
You hit something. Something hits you.
* * * LOW HITPOINT WARNING * * *
You hit something. Something hits you!
You die...

.. #......#
............... .
#......#
#####..........
#......#
##.########
#......##########.#
#......##.........#
#......##.#########
#####'###.# #.....#
#.# #.##### #@# #.#
#{# #.#######.#
#.........#
###########


There were no monsters in sight!

Vanquished Creatures
  Robin (D:2)
  An adder (D:2)
  4 gnolls (D:2)
  An ooze (D:1)
  A dart slug (D:2)
  A leopard gecko (D:2)
  A giant cockroach (D:2)
  7 goblins
  7 hobgoblins
  2 jackals (D:2)
  4 kobolds
  A ball python (D:1)
  6 bats
  3 frilled lizards (D:1)
  3 rats (D:2)
  2 plants (D:1)
45 creatures vanquished.

Notes
Turn   | Place    | Note
-------+----------+-------------------------------------------
     0 | D:1      | Solrac the Minotaur Berserker began the quest for the Orb.
     0 | D:1      | Reached XP level 1. HP: 19/19 MP: 0/0
   382 | D:1      | Reached skill level 4 in Maces & Flails
   384 | D:1      | Reached XP level 2. HP: 27/27 MP: 1/1
  1569 | D:2      | Reached XP level 3. HP: 26/33 MP: 2/2
  1963 | D:2      | Found an opulent altar of Gozag.
  1977 | D:2      | Reached ** piety under Trog
  1977 | D:2      | Reached skill level 5 in Maces & Flails
  1977 | D:2      | Reached XP level 4. HP: 39/40 MP: 3/3
  1981 | D:2      | Noticed Robin
  2023 | D:2      | Killed Robin
  2276 | D:2      | Noticed Sigmund
  2341 | D:2      | Slain by Sigmund

Skill      XL: |  1  2  3 |
---------------+----------+-----
Maces & Flails | 4 5 |  5.3
Fighting       | 4 |  4.4
Dodging        | 3 |  3.2
Armour         | |  2.4

Action                   |  1- 3 |  4- 6 || total
-------------------------+-------+-------++-------
Melee: Mace              |   110 |    32 ||   142
       Headbutt          |    34 |     5 ||    39
       Unarmed           |       |    19 ||    19
Invok: Berserk           |     1 |     2 ||     3
       Trog's Hand       |       |     1 ||     1
 Stab: Sleeping          |     1 |       ||     1
  Eat: Chunk             |     4 |     2 ||     6
Armor: Animal skin       |     3 |       ||     3
       Chain mail        |    22 |    18 ||    40
Dodge: Dodged            |    37 |    21 ||    58
